 Dungeon Crawl Stone Soup version 0.31-a0-466-g98c9adc2b6 (webtiles) character file.

Game seed: 11609111280258064689

497 HallandMoats the Unbeliever (level 6, 0/51 HPs)
             Began as a Demonspawn Fighter on Aug 5, 2023.
             Succumbed to a scorpion's poison
             ... on level 5 of the Dungeon.
             The game lasted 00:04:20 (3077 turns).

HallandMoats the Unbeliever (Demonspawn Fighter)    Turns: 3077, Time: 00:04:21

Health: 0/51       AC: 10    Str: 17    XL:     6   Next: 93%
Magic:  9/10       EV:  9    Int: 11    God:
Gold:   286        SH:  4    Dex: 12    Spells: 5/5 levels left

rFire   + + .        a - +0 war axe (freeze)
rCold   . . .        c - +0 buckler
rNeg    . . .        b - +0 scale mail
rPois   .            (helmet restricted)
rElec   .            r - +0 cloak
rCorr   .            (no gloves)
SInv    .            i - +0 pair of boots
Will    .....        (no amulet) Stlth
                     h - ring of protection from fire
HPRegen 0.28/turn    q - ring of protection from fire
MPRegen 0.12/turn

%: no passive effects
@: lethally poisoned (0 -> -3), studying Throwing
A: horns 1, molten scales 1, demonic guardian 1, ignite blood 2
a: no special abilities


You were on level 5 of the Dungeon.
You visited 1 branch of the dungeon, and saw 5 of its levels.

You collected 286 gold pieces.

Inventory:

Hand Weapons
 a - a +0 war axe of freezing (weapon)
Armour
 b - a +0 scale mail (worn)
 c - a +0 buckler (worn)
 i - a +0 pair of boots (worn)
 r - a +0 cloak (worn)
Jewellery
 h - a ring of protection from fire (left hand)
 q - a ring of protection from fire (right hand)
 s - an amulet of regeneration
 t - a ring of fire
Wands
 u - a wand of mindburst (18)
 v - a wand of digging (3)
Scrolls
 e - a scroll of amnesia {unknown}
 f - a scroll of enchant armour {unknown}
 g - 4 scrolls of identify {unknown}
 k - a scroll of poison {unknown}
 m - a scroll of enchant weapon {unknown}
 y - a scroll of blinking {unknown}
Potions
 d - a potion of might
 j - 5 potions of curing {unknown}
 l - 2 potions of cancellation {unknown}
 n - a potion of haste {unknown}
 p - a potion of berserk rage {unknown}
 z - a potion of mutation {unknown}


   Skills:
 * Level 5.5 Fighting
 + Level 3.3 Axes
 - Level 2.6 Armour
 - Level 2.6 Shields
 * Level 5.8 Invocations


You had 5 spell levels left.
You didn't know any spells.
Your spell library contained the following spells:

 Spells                   Type           Power      Damage    Failure   Level
 Magic Dart               Conj           0%         1d3       83%         1
 Call Imp                 Summ           0%         N/A       93%         2
 Mephitic Cloud           Conj/Pois/Air  0%         N/A       99%         3
 Portal Projectile        Hex/Tloc       0%         N/A       99%         3
 Tukima's Dance           Hex            0%         N/A       99%         3
 Iskenderun's Mystic Bla  Conj/Tloc      0%         2d3       100%        4


Dungeon Overview and Level Annotations

Branches:
Dungeon (5/15)
 Temple: D:4-7

Altars:

Shops:
D:3 (


Innate Abilities, Weirdness & Mutations

You have a pair of small horns on your head.
You are partially covered in molten scales. (AC +2)
A weak demonic guardian rushes to your aid.
Your demonic aura often causes spilled blood to erupt in flames.


Message History

The scorpion barely misses you.
You slash the ice beast!
You kill the ice beast!
You hit the scorpion.
You feel sick. The scorpion stings you.
Unknown command.
The scorpion attacks as you move away! The scorpion stings you.
* * * LOW HITPOINT WARNING * * *
You are lethally poisoned!
The scorpion poisons you!
* * * LOW HITPOINT WARNING * * *
You feel very sick.
The scorpion stings you but does no damage.
You slash the scorpion! Your headbutt misses the scorpion.
The scorpion is severely wounded.
* * * LOW HITPOINT WARNING * * *
You feel very sick.
The scorpion stings you but does no damage.
You hit the scorpion. You headbutt the scorpion.
You kill the scorpion!
* * * LOW HITPOINT WARNING * * *
You feel very sick.
* * * LOW HITPOINT WARNING * * *
You feel sick.
Unknown command.
Okay, then.
As you read the scroll labelled HUOPAL IKING, it crumbles to dust.
The air around you briefly surges with heat, but it dissipates.
It was a scroll of immolation.
* * * LOW HITPOINT WARNING * * *
You feel sick.
As you read the scroll labelled NIDAQU HIOKH, it crumbles to dust.
It is a scroll of brand weapon.
Your +0 war axe is covered with a thin layer of ice!
a - a +0 war axe of freezing (weapon)
* * * LOW HITPOINT WARNING * * *
You feel sick.
Unknown command.
As you read the scroll labelled SOVEDUGR TUWOAPP, it dissolves into smoke.
It was a scroll of fog.
You die...

.# .. ###+#.. .#
##....# ..#
#.....# ...#
#.....#####+#...#.
#..........§..)...
###.......§§§...#
#<'.......§@§...#
###.......§§§...#
#.............#
#.............+
#####.........#
######....# #....#
#..(.#


There were no monsters in sight!

Vanquished Creatures
  An ice beast (D:5)
  An ogre (D:4)
  A scorpion (D:5)
  A howler monkey (D:4)
  Crazy Yiuf (D:2)
  An iguana (D:3)
  4 adders
  A worm (D:4)
  3 dart slugs
  4 orcs
  8 bats
  8 endoplasms
  4 giant cockroaches
  6 goblins
  6 hobgoblins
  14 jackals
  7 kobolds (D:1)
  3 quokkas (D:4)
  6 ball pythons
  5 frilled lizards
  3 rats
88 creatures vanquished.

Vanquished Creatures (collateral kills)
  An iguana (D:4)
1 creature vanquished.

Grand Total: 89 creatures vanquished

Notes
Turn   | Place    | Note
-------+----------+-------------------------------------------
     0 | D:1      | HallandMoats the Demonspawn Fighter began the quest for the
                  | Orb.
     0 | D:1      | Reached XP level 1. HP: 18/18 MP: 1/1
    46 | D:1      | Reached skill level 1 in Invocations
   113 | D:1      | Gained mutation: You are partially covered in molten
                  | scales. (AC +2) [demonic ancestry]
   113 | D:1      | Reached XP level 2. HP: 24/24 MP: 1/3
   602 | D:1      | Gained mutation: Your demonic aura sometimes causes spilled
                  | blood to erupt in flames. [demonic ancestry]
   602 | D:1      | Reached XP level 3. HP: 29/29 MP: 4/4
  1340 | D:2      | Gained mutation: You have a pair of small horns on your
                  | head. [demonic ancestry]
  1340 | D:2      | Reached XP level 4. HP: 37/37 MP: 6/6
  1613 | D:2      | Found a runed translucent door.
  1614 | D:2      | Noticed Crazy Yiuf
  1625 | D:2      | Killed Crazy Yiuf
  1942 | D:3      | Gained mutation: A weak demonic guardian rushes to your
                  | aid. [demonic ancestry]
  1942 | D:3      | Reached XP level 5. HP: 42/42 MP: 7/7
  1952 | D:3      | Found Hiecvu's Antique Weapon Emporium.
  2683 | D:4      | Noticed an ogre
  2689 | D:4      | Killed an ogre
  2692 | D:4      | Gained mutation: Your demonic aura often causes spilled
                  | blood to erupt in flames. [demonic ancestry]
  2692 | D:4      | Reached XP level 6. HP: 29/50 MP: 9/9
  2802 | D:4      | Reached skill level 5 in Fighting
  2802 | D:4      | Reached skill level 5 in Invocations
  3052 | D:5      | Entered Level 5 of the Dungeon
  3062 | D:5      | Noticed an ice beast
  3070 | D:5      | Killed an ice beast
  3074 | D:5      | HP: 2/51 [poisoned by a scorpion]
  3077 | D:5      | Succumbed to a scorpion's poison

Illustrated notes

Levels and vault maps discovered:
D:1:      minmay_arrival_checkered_box, layout_loops_corners
D:2:      layout_basic, uniq_crazy_yiuf_cottage
D:3:      layout_loops_ring, serial_shops, shop
D:4:      layout_cave_pools
D:5:      cheibrodos_thug_alley, layout_basic,
          yredelemnul_forgotten_temple_becter,
          grunt_temple_overflow_order_and_chaos_2

Skill      XL: |  1  2  3  4  5  6 |
---------------+-------------------+-----
Invocations    | 1 2 3 4 5 |  5.8
Axes           | 2 3 |  3.3
Fighting       | 4 5 |  5.5
Armour         | |  2.6
Shields        | |  2.6

Action                     |  1- 3 |  4- 6 || total
---------------------------+-------+-------++-------
  Melee: War axe           |   116 |   114 ||   230
         Headbutt          |       |    16 ||    16
    Use: Scroll            |       |     3 ||     3
 Armour: Scale mail        |    78 |    78 ||   156
  Dodge: Dodged            |    79 |    67 ||   146
  Block: Buckler           |    33 |    29 ||    62

Table legend: (Time is in decaauts)
 A = Elapsed time spent in this place.
 B = Non-inter-level travel time spent in this place.
 C = Inter-level travel time spent in this place.
 D = Time resting spent in this place.
 E = Time spent auto-exploring this place.
 F = Levels seen in this place.
 G = Mean time per level.
                   A        B        C        D        E       F      G
               +--------+--------+--------+--------+--------+-----+--------+
         Total |   3171 |   2984 |    187 |      0 |   2253 |   5 |  634.2 |
       Dungeon |   3171 |   2984 |    187 |      0 |   2253 |   5 |  634.2 |
               +--------+--------+--------+--------+--------+-----+--------+

Top non-repeatable levels by time:
     D:1: 1113 daAuts
     D:3: 748 daAuts
     D:2: 701 daAuts
     D:4: 580 daAuts
     D:5: 27 daAuts
